 Dungeon Crawl Stone Soup version 0.14.1-23-g35e4e54 (webtiles) character file.

156 Kassandra the Changer (level 4, 0/35 HPs)
             Began as a Draconian Transmuter on June 13, 2014.
             Killed by divine providence
             ... invoked by an orc priest
              (14 damage)
             ... on Level 3 of the Dungeon.
             The game lasted 00:10:05 (2627 turns).

Kassandra the Changer (Draconian Transmuter)        Turns: 2627, Time: 00:10:05

HP   0/35        AC  6     Str 13      XL: 4   Next: 16%
MP   5/7         EV 12     Int 14      God:
Gold 77          SH  0     Dex 11      Spells:  2 memorised,  3 levels left

rFire  . . .     SeeInvis .       - Unarmed
rCold  . . .     Clarity  .     (armour unavailable)
rNeg   . . .     Conserve .     (no shield)
rPois  +         rCorr    .     (helmet restricted)
rElec  .         rRot     .     r - +0 cloak (curse)
SustAb + .       Spirit   .     (no gloves)
rMut   .         Warding  .     (no boots)
Saprov . . .     Stasis   +     l - amulet of stasis
MR     .....                    n - ring of poison resistance
                                p - ring of sustain abilities

@: not resistant to hostile enchantments, unstealthy
A: unfitting armour, AC +5
a: no special abilities


You were on level 3 of the Dungeon.
You were not hungry.

You visited 1 branch of the dungeon, and saw 3 of its levels.

You collected 77 gold pieces.

Inventory:

Missiles
 b - 12 arrows
 u - 2 tomahawks of returning (quivered)
Armour
 r - a cursed +0 cloak (worn)
Comestibles
 a - 3 bread rations
 h - 7 grapes
 i - 2 pears
 k - 2 chunks of kobold flesh
 m - a chunk of worm flesh
 w - a rotting chunk of giant cockroach flesh
Scrolls
 c - 2 scrolls of identify
 e - 2 scrolls of enchant weapon I {unknown}
 g - 6 scrolls of remove curse
 q - a scroll of enchant weapon II {unknown}
 s - a scroll of fear {unknown}
 t - 2 scrolls of magic mapping {unknown}
Jewellery
 l - an amulet of stasis (around neck)
 n - a ring of poison resistance (right hand)
 p - a ring of sustain abilities (left hand)
Potions
 f - a potion of curing
 j - a potion of agility {unknown}
 o - a potion of poison {unknown}
Books
 d - a book of Changes

   Spells                             Type                      Level
   *Beastly Appendage                 Transmutation                1
   Sticks to Snakes                   Transmutation                2
   *Spider Form                       Transmutation/Poison         3
   Ice Form                           Ice/Transmutation            4
   Blade Hands                        Transmutation                5


   Skills:
 - Level 1.1 Fighting
 - Level 1.7 Dodging
 - Level 3.0 Unarmed Combat
 - Level 2.0 Spellcasting
 + Level 4.4 Transmutations


You had 3 spell levels left.
You knew the following spells:

 Your Spells              Type           Power        Failure   Level  Hunger
a - Beastly Appendage     Trmt           ##....       4%          1    ##.....
b - Spider Form           Trmt/Pois      #.........   30%         3    ####...


Dungeon Overview and Level Annotations

Branches:
Dungeon (3/15)

Altars:


Message History

You barely miss the orc.
Your transformation is almost over.
You hit the orc.
The orc is heavily wounded.
The orc hits you with a flail.
You hit the orc.
The orc is heavily wounded.
The orc hits you with a flail!
The orc priest glows brightly for a moment.
You barely miss the orc.
The orc is heavily wounded.
The orc hits you with a flail.
Your transformation has ended.
Your cursed +0 cloak unmelds from your body.
You completely miss the orc.
The orc is heavily wounded.
The orc hits you but does no damage.
The orc priest calls down the wrath of Beogh upon you.
Something smites you!
You die...

...........# #........#
...#######.# #.######.###
##.# #.# #.# #.....# #.#
#.# #.####.###.## ##.# #.#
#.#....# #..#
...#######.###.#.##.###..#
.................##...o).#
##.#####.....%...####.##.#
#.# #..####.#@####.##.#
#.#####..# #.#.o.>#.##o##
#........# #.....o..##o.#
#.....##.# ######.#####.#
###.##.##.# #.# #.#
....##.##.# #.# ##.######
######.##.# #.# #.......#
#.##># #.# #.o####.#
#.##.# ####.####..#


You could see an orc priest and an orc.

Vanquished Creatures
  2 adders (D:3)
  A worm (D:3)
  A giant gecko (D:1)
  2 oozes (D:3)
  An orc (D:3)
  2 ball pythons (D:1)
  7 bats
  7 goblins
  9 hobgoblins
  10 kobolds
  2 giant cockroaches (D:3)
  4 giant newts
  2 rats (D:3)
50 creatures vanquished.

Vanquished Creatures (others)
  A giant newt (D:1)
1 creature vanquished.

Grand Total: 51 creatures vanquished

Notes
Turn   | Place    | Note
--------------------------------------------------------------
     0 | D:1      | Kassandra, the Draconian Transmuter, began the quest for the Orb.
     0 | D:1      | Reached XP level 1. HP: 16/16 MP: 3/3
   375 | D:1      | Reached XP level 2. HP: 21/23 MP: 2/4
  1600 | D:2      | Reached XP level 3. HP: 28/28 MP: 6/6
  1618 | D:2      | Learned a level 3 spell: Spider Form
  2168 | D:3      | Reached skill level 4 in Transmutations
  2513 | D:3      | Reached XP level 4. HP: 31/35 MP: 5/7
  2627 | D:3      | Killed from afar by an orc priest

Action                   |  1- 3 |  4- 6 || total
-------------------------+-------+-------++-------
Melee: Unarmed           |   177 |    14 ||   191
 Cast: Beastly Appendage |    21 |       ||    21
       Spider Form       |       |     2 ||     2
  Use: Scroll            |     4 |       ||     4
